 Dungeon Crawl Stone Soup version 0.28.0-1-gb440e238dd (webtiles) character file.

Game seed: 9160941554249069132

2240 Gorgormcgor the Covert (level 9, -3/84 (90) HPs)
             Began as an Octopode Brigand on Feb 26, 2022.
             Was an Initiate of Gozag.
             Killed from afar by an electric eel (11 damage)
             ... with a bolt of electricity
             ... on level 7 of the Dungeon.
             The game lasted 00:34:38 (8622 turns).

Gorgormcgor the Covert (Octopode Brigand)           Turns: 8622, Time: 00:34:38

HP:   -3/84 (90)    AC: 24    Str: 10    XL:     9   Next: 36%
MP:   9/9           EV:  2    Int: 14    God:    Gozag
Gold: 489           SH:  0    Dex: 17    Spells: 8/8 levels left

rFire   . . .      SeeInvis .   a - +3 dagger
rCold   . . .      Faith    .   (no shield)
rNeg    . . .      Spirit   .   (helmet currently unavailable)
rPois   +          Reflect  .   e - amulet of the acrobat
rElec   .          Harm     .   (no ring)
rCorr   .          Rampage  .   (no ring)
Will    .....      NoTele   +   (no ring)
Stlth   +++++.....              (no ring)
HPRegen 0.24/turn               (no ring)
MPRegen 0.11/turn               (no ring)
                                (no ring)
                                (no ring)

@: brilliant, tree-form, drained, very slow
A: stationary, stasis, torment immunity, boosted hp, almost no armour,
(amphibious), 8 rings, (camouflage 1), (gelatinous body 1), (nimble swimmer 1),
(tentacles)
a: Renounce Religion, Potion Petition, Call Merchant, Bribe Branch


You were on level 7 of the Dungeon.
You worshipped Gozag.
Gozag was aware of your devotion.
You were a tree.
You visited 2 branches of the dungeon, and saw 8 of its levels.

You collected 535 gold pieces.
You paid 46 gold pieces to Gozag.

Inventory:

Hand Weapons
 a - a +3 dagger (weapon)
 b - a +0 hunting sling
 c - a +4 short sword
Missiles
 j - 182 stones
 l - 17 poisoned darts
 v - 2 boomerangs
 x - a curare-tipped dart (quivered)
Armour
 y - an orb of mayhem
Jewellery
 d - a ring of fire
 e - an amulet of the acrobat (around neck)
Scrolls
 f - a scroll of identify
 g - a scroll of amnesia
 h - 3 scrolls of teleportation
Potions
 m - a potion of invisibility {unknown}
 n - a potion of berserk rage {unknown}
 p - a potion of flight
 q - a potion of ambrosia {unknown}
 u - a potion of degeneration {unknown}
 w - a potion of mutation {unknown}


   Skills:
 - Level 4.8 Fighting
 * Level 5.8 Short Blades
 + Level 3.7(4.0) Slings
 - Level 2.1(3.2) Throwing
 * Level 6.0 Dodging
 + Level 10.4 Stealth
 + Level 1.8 Evocations


You had 8 spell levels left.
You didn't know any spells.
Your spell library contained the following spells:

 Spells                   Type           Power      Damage    Failure   Level
 Animate Skeleton         Necr           0%         N/A       28%         1
 Pain                     Necr           0%         1d4       28%         1
 Sting                    Tmut/Pois      0%         1d3       28%         1
 Ensorcelled Hibernation  Hex/Ice        0%         N/A       41%         2
 Passwall                 Tmut/Erth      0%         N/A       41%         2
 Poisonous Vapours        Pois/Air       0%         N/A       41%         2
 Static Discharge         Conj/Air       0%         N/A       41%         2
 Swiftness                Air            0%         N/A       65%         3
 Vampiric Draining        Necr           0%         2d6       65%         3
 Olgreb's Toxic Radiance  Pois           0%         N/A       96%         4
 Lightning Bolt           Conj/Air       0%         1d11      100%        5
 Maxwell's Capacitive Co  Air            0%         ∞         100%        8


Dungeon Overview and Level Annotations

Branches:
Dungeon (7/15)             Temple (1/1) D:5

Altars:
Ashenzari
Cheibriados
Dithmenos
Elyvilon
Fedhas
Gozag
Hepliaklqana
Kikubaaqudgha
Makhleb
Nemelex Xobeh
Okawaru
Qazlal
Ru
Trog
Uskayaw
Vehumet
Wu Jian
Xom
Yredelemnul
Zin
The Shining One

Annotations:
D:2 1 runed translucent door, exclusion: door, Crazy Yiuf


Innate Abilities, Weirdness & Mutations

You are a tree.
Your roots penetrate the ground, keeping you stationary.
You cannot be teleported.
You are immune to unholy pain and torment.
Your maximum health is greatly increased.
You cannot wear most types of armour.
((You are amphibious.))
You can wear up to eight rings at the same time.
((Your skin changes colour to match your surroundings (Stealth+).))
((Your rubbery body absorbs attacks. (AC +1, EV +1)))
((You are camouflaged when in or above water. (Stealth+)))
((You have tentacles for arms and can constrict up to eight enemies at once.))


Message History

You see here a +0 flail.
You see here a +0 club.
Things that are here:
a +0 robe; a +0 dagger
There is a stone staircase leading down here.
You climb downwards.
There is a stone staircase leading up here.
Unknown command.
An electric eel comes into view.
Throw: dart (curare)
Press: ? - help, Q - select action, (/) - cycle Shift-Dir - straight line, f - electric eel
Aim: an electric eel (asleep, 98% to hit)
Okay, then.
An electric eel comes into view.
The electric eel shoots out a bolt of lightning at you!
The bolt of electricity hits you!
The bolt of electricity hits the plant!
The plant begins to die.
The bolt of electricity hits the plant!
The plant begins to die.
You hit the electric eel. You grab the electric eel.
The electric eel is lightly wounded.
You constrict the electric eel.
The electric eel shoots out a bolt of lightning at you!
The bolt of electricity hits you!
The bolt of electricity hits the plant! x2
The electric eel shoots out a bolt of lightning at you!
The bolt of electricity hits you!
* * * LOW HITPOINT WARNING * * *
The bolt of electricity hits the plant!
The plant begins to die.
The bolt of electricity hits the plant! x2; The plant begins to die.
It was a potion of brilliance.
You feel clever all of a sudden.
You constrict the electric eel.
It was a potion of lignification.
You turn into a tree.
Your roots penetrate the ground.
You lose your grip on the electric eel.
A nearby plant withers and dies.
You hit the electric eel.
The electric eel is heavily wounded.
The electric eel shoots out a bolt of lightning at you!
The bolt of electricity hits you!
You die...
Your body crumbles into a pile of gold.

#.#.#.....#
#.#.##.##.#
#.#....##.#
#.####.##.# ###
..# #....###<# ###
#######..#
##.....#####♣♣♣
.......≈≈≈≈P≈≈P♣♣♣
#####^.P≈≈♣SP≈P≈≈♣
#..≈≈≈S≈≈≈≈≈≈≈
#..≈≈≈≈≈≈≈≈≈≈≈
#...≈P≈≈≈≈≈≈≈≈
#....≈≈≈≈≈≈≈≈≈
#...P≈≈P≈≈≈≈≈≈
#..PP≈P≈≈≈≈≈≈≈
#...≈≈≈≈P≈≈S≈≈


You could see 3 electric eels.

Vanquished Creatures
  Grinder (D:3)
  Eustachio (D:6)
  Menkaure (D:6)
  A water moccasin (D:7)
  An orc warrior (D:7)
  2 ogres (D:6)
  A phantom (D:6)
  Blork the orc (D:6)
  2 bullfrogs (D:6)
  2 scorpions
  A wyvern skeleton (D:5)
  A water moccasin skeleton (D:5)
  3 wights
  An electric eel (D:6)
  3 orc priests
  A bullfrog skeleton (D:6)
  3 hounds
  A jelly (D:3)
  Jessica (D:3)
  4 iguanas
  6 orc wizards
  Terence (D:2)
  Robin (D:2)
  A gnoll (D:3)
  8 adders
  A howler monkey skeleton (D:6)
  A white imp (D:3)
  2 worms
  2 dart slugs
  17 orcs
  11 ball pythons
  5 bats
  6 endoplasms
  3 giant cockroaches
  15 goblins
  12 hobgoblins
  5 jackals
  3 kobolds
  5 quokkas
  3 frilled lizards
  3 rats
143 creatures vanquished.

Vanquished Creatures (others)
  51 plants (D:7)
51 creatures vanquished.

Grand Total: 194 creatures vanquished

Notes
Turn   | Place    | Note
-------+----------+-------------------------------------------
     0 | D:1      | Gorgormcgor the Octopode Brigand began the quest for the
                  | Orb.
     0 | D:1      | Reached XP level 1. HP: 14/14 MP: 1/1
   245 | D:1      | Reached XP level 2. HP: 19/19 MP: 2/2
   383 | D:1      | Reached skill level 6 in Stealth
   695 | D:1      | Reached XP level 3. HP: 24/24 MP: 3/3
   938 | D:2      | Noticed Terence
  1110 | D:2      | Found a faded altar of an unknown god.
  1221 | D:2      | Noticed Robin
  1230 | D:2      | Killed Robin
  1241 | D:2      | Reached XP level 4. HP: 18/29 MP: 4/4
  1470 | D:2      | Killed Terence
  1601 | D:2      | Reached skill level 7 in Stealth
  1818 | D:2      | Found a runed translucent door.
  1819 | D:2      | Noticed Crazy Yiuf
  2072 | D:3      | Reached XP level 5. HP: 35/35 MP: 5/5
  2222 | D:3      | Noticed Grinder
  2230 | D:3      | Killed Grinder
  2231 | D:3      | Reached skill level 1 in Slings
  2231 | D:3      | Reached XP level 6. HP: 27/42 MP: 6/6
  2735 | D:3      | Noticed Jessica
  2739 | D:3      | Killed Jessica
  3340 | D:3      | Reached skill level 8 in Stealth
  3362 | D:3      | Reached XP level 7. HP: 45/46 MP: 7/7
  4666 | D:5      | Entered Level 5 of the Dungeon
  4834 | D:5      | Found a staircase to the Ecumenical Temple.
  4858 | Temple   | Entered the Ecumenical Temple
  5113 | Temple   | Became a worshipper of Gozag Ym Sagoz the Greedy
  5571 | D:5      | Reached XP level 8. HP: 54/54 MP: 8/8
  5704 | D:6      | Noticed Menkaure
  5727 | D:6      | Killed Menkaure
  5728 | D:6      | Reached skill level 9 in Stealth
  6060 | D:6      | Noticed Eustachio
  6361 | D:6      | Noticed Blork the orc
  6365 | D:6      | Killed Blork the orc
  6387 | D:6      | Reached skill level 5 in Dodging
  6834 | D:6      | Reached skill level 5 in Short Blades
  6890 | D:6      | Killed Eustachio
  7139 | D:6      | Reached skill level 10 in Stealth
  7352 | D:6      | Reached skill level 1 in Evocations
  7352 | D:6      | Reached XP level 9. HP: 25/59 MP: 9/9
  8622 | D:7      | Killed from afar by an electric eel

Illustrated notes

Levels and vault maps discovered:
D:1:      tarquinn_simple_flora_water_f, layout_loops_corners
D:2:      layout_basic, chequers_ecumenical_altar_simple, serial_rivers,
          chequers_serial_rivers_large_a, chequers_serial_rivers_room_a,
          chequers_serial_rivers_room_a, chequers_serial_rivers_small_b,
          chequers_serial_rivers_small_a, chequers_serial_rivers_room_a,
          uniq_crazy_yiuf_cottage, uniq_terence, uniq_robin
D:3:      minmay_chambers_of_twos, layout_loops_ring, patterned_corridor,
          uniq_jessica, uniq_grinder
D:4:      layout_layer_cave
D:5:      layout_loops_cross, minmay_temple_entry_wispy
D:6:      layout_basic, kennysheep_opposing_triangles, uniq_blork_the_orc,
          uniq_menkaure, uniq_eustachio
D:7:      layout_basic, serial_bayou, serial_bayou_pond_d, serial_bayou_pond_e,
          serial_bayou_crossing, serial_bayou_lagoon_a, serial_bayou_shore_a,
          serial_shops, shop_fountains
Temple:   mainiacjoe_temple_starburst

Skill      XL: |  1  2  3  4  5  6  7  8  9 |
---------------+----------------------------+-----
Stealth        | 6 7 8 10 | 10.4
Dodging        | 2 3 4 5 6 |  6.0
Fighting       | 3 4 |  4.8
Short Blades   | 3 4 5 |  5.8
Slings         | 1 2 3 |  3.7
Evocations     | 1 |  1.8
Throwing       | |  2.1

Action                   |  1- 3 |  4- 6 |  7- 9 || total
-------------------------+-------+-------+-------++-------
Melee: Dagger            |    59 |    27 |   190 ||   276
       Constrict         |    13 |    15 |    38 ||    66
       Tentacles         |     7 |    15 |    46 ||    68
       Punch             |     1 |     3 |     3 ||     7
       Short sword       |       |    50 |    10 ||    60
 Fire: Hunting sling     |       |       |    24 ||    24
Throw: Dart              |    12 |     4 |    26 ||    42
       Boomerang         |       |       |     2 ||     2
Evoke: Wand              |       |       |    10 ||    10
  Use: Scroll            |       |     5 |     7 ||    12
       Potion            |       |       |     4 ||     4
 Stab: Sleeping          |    13 |    13 |    14 ||    40
       Distracted        |       |       |     2 ||     2
Armor: Skin              |     2 |     3 |    13 ||    18
Dodge: Dodged            |    31 |    39 |   153 ||   223
